[Event "2nd Cambridge Open 2024"]
[Site "Cambridge"]
[Date "2024.02.23"]
[Round "7.13"]
[White "Payne, Matthew J"]
[Black "Pert, Richard G"]
[Result "0-1"]
[ECO "B23"]
[WhiteElo "2091"]
[BlackElo "2411"]
[Annotator "TA"]
[PlyCount "58"]
[EventDate "2024.02.18"]
[EventType "swiss"]
[EventCountry "ENG"]
[SourceTitle "playchess.com"]
[Source "ChessBase"]
[SourceQuality "1"]
[TimeControl "5400+30"]

1. e4 c5 2. Nc3 Nc6 3. Bb5 Nd4 4. Nf3 g6 5. Bc4 Bg7 6. Nxd4 cxd4 7. Qf3 e6 8. Nb5 {[%emt 1:28:50] [#] Hoping for Nd6+.} d5 9. exd5 a6 10. dxe6 $1 fxe6 {[%emt 0:00:44] White is slightly better.} 11. Na3 Nf6 12. O-O O-O 13. d3 Nd5 14. Qg3 (14. Qd1 $16) 14... Rf5 $11 15. Re1 b5 16. Bb3 Ra7 17. Qb8 {[%emt 0:00:00] [#]} (17. Nb1 $14 {stays ahead.}) 17... Rb7 $1 $40 {[%emt 0:05:04][%mdl 128] Black has strong attack.} 18. Qa8 {[%emt 0:00:00] This move loses the game for White.} (18. Qg3 $17) 18... Be5 $19 (18... Nc7 19. Bxe6+ (19. Rxe6 $2 Kh8 $19) 19... Nxe6 20. Rxe6 $17) 19. f4 $2 (19. Qxa6 Bxh2+ 20. Kh1 Qh4) (19. Rxe5 Rxe5 20. Bd2) 19... Nc7 (19... Nxf4 $2 {loses.} 20. Rxe5 $18 (20. Qxa6 $2 {is the wrong capture.} Rbf7 $19) (20. Qxa6 Qh4 $19)) 20. Bxe6+ Nxe6 21. Qxa6 Nxf4 22. Rxe5 Rxe5 (22... Nh3+ $142 23. gxh3 Rxe5) 23. Bxf4 Rf7 24. Qxc8 Qxc8 25. Bxe5 Qc5 26. Bg3 Qb4 27. Rb1 Re7 28. Kf1 Qd2 {[%emt 0:03:04] ( -> ...Qe3)} 29. Be1 Rf7+ {[%emt 0:02:30] Weighted Error Value: White=1.34/Black=0.37.  Loses game:     	White=1     	---        Mistake:       	White=3     	---        Inaccurate:     	White=3     	Black=1      OK:         	White=8     	Black=8      Best:        	---       	Black=3      Strong:       	White=1     	Black=1} 0-1

[Event "2nd Cambridge Open 2024"]
[Site "Cambridge"]
[Date "2024.02.23"]
[Round "7.14"]
[White "Ward, Ieuan C"]
[Black "Golubovic, Boris"]
[Result "1/2-1/2"]
[ECO "B22"]
[WhiteElo "2028"]
[BlackElo "2342"]
[Annotator "TA"]
[PlyCount "51"]
[EventDate "2024.02.18"]
[EventType "swiss"]
[EventCountry "ENG"]
[SourceTitle "playchess.com"]
[Source "ChessBase"]
[SourceQuality "1"]
[TimeControl "5400+30"]

1. e4 c5 2. Nf3 a6 3. c3 d5 4. exd5 Qxd5 5. d4 e6 6. Be2 Nf6 7. O-O Be7 8. Be3 Nbd7 9. c4 Qd6 10. Nc3 O-O ({Better is} 10... Ng4 $14) 11. dxc5 $16 Qxd1 12. Rfxd1 (12. Raxd1 Nxc5 13. h3 Ncd7) 12... Bxc5 13. Bxc5 {[%emt 0:00:38] White is better.} Nxc5 14. Ne5 Ncd7 15. Nxd7 Bxd7 16. Bf3 Rab8 17. Ne4 {[%emt 0:04:53] [#] And now Nxf6+ would win.} Nxe4 18. Rxd7 Nc5 19. Rc7 b6 20. b4 Nd3 21. a3 a5 22. Rd1 Ne5 23. Be2 axb4 24. axb4 Rfc8 25. Rxc8+ Rxc8 26. Rd6 {[%emt 0:00:00] Weighted Error Value: White=0.09 (flawless) /Black=0.07 (flawless) .  Inaccurate:     	White=3     	---        OK:         	White=6     	Black=8      Best:        	White=1     	---} 1/2-1/2

[Event "2nd Cambridge Open 2024"]
[Site "Cambridge"]
[Date "2024.02.23"]
[Round "7.15"]
[White "Rushbrooke, Remy"]
[Black "Pozzari, Simone"]
[Result "1/2-1/2"]
[ECO "A37"]
[WhiteElo "2049"]
[BlackElo "2282"]
[Annotator "TA"]
[PlyCount "67"]
[EventDate "2024.02.18"]
[EventType "swiss"]
[EventCountry "ENG"]
[SourceTitle "playchess.com"]
[Source "ChessBase"]
[SourceQuality "1"]
[TimeControl "5400+30"]

1. Nf3 c5 2. g3 Nc6 3. c4 e5 4. Nc3 g6 5. Bg2 Bg7 6. d3 Nge7 7. Nd2 d6 8. Nf1 Be6 9. Ne3 Qd7 10. a3 Bh3 11. O-O Bxg2 12. Kxg2 f5 13. Ned5 O-O 14. Bg5 (14. Qa4 $11) 14... Nxd5 $15 15. cxd5 Nd4 16. e3 Nb5 17. Qa4 (17. Nxb5 $142 Qxb5 18. e4 (18. Be7 $2 Rf7 $19)) 17... a6 $17 {[%emt 0:03:13] Droht stark ...h6.} 18. Qh4 Rf7 19. Bh6 Bxh6 20. Qxh6 Nxc3 21. bxc3 {[%emt 0:00:06] [#]} f4 22. Rab1 (22. exf4 $15 exf4 23. Rae1) 22... Raf8 23. e4 (23. exf4 $142 exf4 24. c4) 23... Qa4 (23... c4 $142 24. dxc4 Qc8) 24. Rb6 {[%emt 0:02:21] [#]} (24. gxf4 $17 {war nötig.} Qc2 (24... Qxa3 25. fxe5 $11) (24... exf4 25. Qh3 $15) (24... Rxf4 25. Rxb7 R8f7 26. Rxf7 $14) 25. f5) 24... Qc2 (24... Qxa3 25. Rfb1 fxg3 (25... Qxc3 $2 26. Rxb7 Qd2 27. Kh3 $18) 26. Rxb7 Rxf2+ 27. Kxg3 R8f3+ (27... Qxc3 28. Qxh7#) 28. Kg4 Rf4+ (28... Qxc3 29. Qg7#) 29. Kh3 R4f3+ (29... Qxc3 30. Qg7#) (29... R2f3+ 30. Kg2 $11) 30. Kg4 Rf4+ (30... Qxc3 31. Qg7#) 31. Kh3 R2f3+ (31... Qxc3 32. Qg7#) 32. Kg2 Qa2+ (32... Qxc3 33. Qg7#) 33. R1b2 Rf2+ 34. Kh1 Qa1+ (34... Rxb2 35. Qg7#) 35. Rb1 Rf1+ (35... Qxc3 36. Qg7#) 36. Kg2 R4f2+ (36... Rxb1 37. Qg7#) 37. Kh3 Rf3+ (37... Rxb1 38. Qg7#) 38. Kg2 R1f2+ (38... Rxb1 39. Qg7#) (38... Qa2+ 39. R1b2 $11) 39. Kh1 Rf1+ (39... Qxc3 40. Qg7#) 40. Kg2 Qa2+ (40... Rxb1 41. Qg7#) 41. R1b2 R3f2+ (41... R1f2+ 42. Kg1 $11) 42. Kh3 Rf3+ (42... Rxb2 43. Qg7#) 43. Kh4 Rf4+ 44. Kh3 R1f3+ 45. Kg2 Rf2+ 46. Kg3 R2f3+ 47. Kg2 $11) ({Vorzuziehen ist} 24... c4 $1 $19 25. dxc4 Qxc4) 25. Rxd6 $15 fxg3 26. Rxg6+ $1 {[%emt 0:00:07] Die Stellung ist ausgeglichen.} hxg6 27. Qxg6+ Rg7 28. Qe6+ Rff7 29. Qc8+ Rf8 (29... Kh7 $5 30. Qh3+ $8 (30. hxg3 $2 {verliert.} Rxg3+ 31. Kxg3 Qxd3+ 32. Kg2 Rg7+ 33. Kh2 Qxf1 $19) 30... Kg8 31. Qc8+ Kh7 32. Qh3+ (32. hxg3 $2 {zu gefräßig.} Rxg3+ 33. Kxg3 Qxd3+ 34. Kg2 Rg7+ 35. Kh2 Qxf1 $19) 32... Kg6 (32... Kg8 33. Qc8+ $11) 33. Qg4+ Kf6 (33... Kh7 34. Qh3+ $11) 34. Qe6+ Kg5 35. hxg3 Qxc3 $11 (35... Qxd3 36. Qxe5+ Kg6 37. Qe6+ Rf6 38. Qe8+ Rgf7 39. Qg8+ Rg7 40. Qe8+ Kh7 41. Rh1+ Rh6 42. Rxh6+ Kxh6 43. Qe6+ Rg6 44. Qe5 $11)) 30. Qe6+ Kh7 31. Qh3+ Kg6 (31... Kg8 $5 32. Qe6+ $8 $11) 32. Qg4+ Kh7 (32... Kh6 $5 33. Qh4+ $8 Kg6 34. Qg4+ Kh7 35. Qh3+ Kg8 36. Qe6+ $11) 33. Qh3+ Kg8 34. Qe6+ $1 {[%emt 0:01:07] Weiß willigt fröhlich ins Remis ein.   Gewichteter Fehlerwert: Weiß=0.17 (sehr präzise) /Schwarz=0.16 (sehr präzise) .  Fehler:       	Weiß=5     	Schwarz=3     Ungenau:       	Weiß=1     	Schwarz=1     OK:         	Weiß=8     	Schwarz=9     Bester:       	Weiß=4     	Schwarz=2     Stark:        	Weiß=2     	---} 1/2-1/2

[Event "2nd Cambridge Open 2024"]
[Site "Cambridge"]
[Date "2024.02.23"]
[Round "7.16"]
[White "Martyn, Rafe"]
[Black "Golubovic, Erik"]
[Result "1/2-1/2"]
[ECO "B52"]
[WhiteElo "2206"]
[BlackElo "2025"]
[Annotator "RC"]
[PlyCount "99"]
[EventDate "2024.02.18"]
[EventType "swiss"]
[EventCountry "ENG"]
[SourceTitle "playchess.com"]
[Source "ChessBase"]
[SourceQuality "1"]
[TimeControl "5400+30"]

1. e4 c5 2. Nf3 d6 3. Bb5+ Bd7 4. Bxd7+ Qxd7 5. O-O Nc6 6. c3 d5 7. d3 e6 8. Qe2 Rd8 9. Na3 Nge7 10. h4 a6 11. h5 dxe4 12. dxe4 Qd3 13. Qxd3 Rxd3 14. Nc4 Nc8 15. a4 Be7 16. Ra3 f6 17. Be3 Kf7 18. a5 Rhd8 19. Raa1 R8d7 20. Nfd2 g6 21. hxg6+ hxg6 22. Nb3 f5 23. exf5 exf5 24. Nxc5 Bxc5 25. Bxc5 R7d5 26. Be3 Nd6 27. Nxd6+ Rxd6 28. Rfc1 Rd7 29. b4 Kf6 30. Bc5 g5 31. c4 Rb3 32. Rab1 Rdd3 33. Rxb3 Rxb3 34. Rd1 f4 35. Rd7 g4 36. Rxb7 g3 37. fxg3 fxg3 38. Kf1 Kf5 39. Rb6 Ne5 40. Rxa6 Nd3 41. Bd6 Ke4 42. Bxg3 Rb1+ 43. Ke2 Rb2+ 44. Kd1 Rxg2 45. Be1 Nb2+ 46. Kc1 Nd3+ 47. Kb1 Kd4 48. Rd6+ Kxc4 49. Rxd3 Kxd3 50. Bh4 1/2-1/2

[Event "2nd Cambridge Open 2024"]
[Site "Cambridge"]
[Date "2024.02.23"]
[Round "7.17"]
[White "Sowray, Peter J"]
[Black "Zhang, Junyi"]
[Result "1-0"]
[ECO "A13"]
[WhiteElo "2169"]
[BlackElo "1655"]
[Annotator "RC"]
[PlyCount "127"]
[EventDate "2024.02.18"]
[EventType "swiss"]
[EventCountry "ENG"]
[SourceTitle "playchess.com"]
[Source "ChessBase"]
[SourceQuality "1"]
[TimeControl "5400+30"]

1. c4 Nf6 2. Nf3 e6 3. g3 d5 4. Bg2 dxc4 5. O-O c5 6. Na3 Nc6 7. Nxc4 Be7 8. b3 O-O 9. Bb2 Bd7 10. d4 cxd4 11. Nxd4 Nxd4 12. Qxd4 Bc6 13. Bxc6 bxc6 14. Rfd1 Qc7 15. Qe5 Qxe5 16. Nxe5 Rfc8 17. Rac1 c5 18. Rc4 Nd5 19. Rdc1 Rc7 20. Ba3 Nb6 21. R4c2 Rac8 22. Nd3 a5 23. Nb2 Nd5 24. Kf1 Bg5 25. Rd1 Nb4 26. Bxb4 cxb4 27. Rxc7 Rxc7 28. Nd3 Bf6 29. Rc1 Bc3 30. Nb2 Be5 31. Rxc7 Bxc7 32. e4 Kf8 33. Ke2 Ke7 34. Kd3 Kd6 35. Kc4 Kc6 36. Nd3 e5 37. f3 Bd6 38. h3 f6 39. g4 g6 40. h4 Be7 41. h5 Bf8 42. f4 Bd6 43. fxe5 fxe5 44. hxg6 hxg6 45. Ne1 Be7 46. Nf3 Bd6 47. Nh4 g5 48. Nf3 Be7 49. Nxe5+ Kd6 50. Nf3 Bd8 51. e5+ Ke6 52. Kd4 Bb6+ 53. Ke4 Bd8 54. Nd4+ Kd7 55. Kf5 Bb6 56. Nf3 Be3 57. Nxg5 Kc6 58. Nf3 Kd5 59. e6 Bc5 60. g5 Bf8 61. g6 Kd6 62. Kf6 Bh6 63. e7 Kd7 64. Kf7 1-0

[Event "2nd Cambridge Open 2024"]
[Site "Cambridge"]
[Date "2024.02.23"]
[Round "7.18"]
[White "Denderski, Piotr"]
[Black "Hanache, Kai"]
[Result "0-1"]
[ECO "E20"]
[WhiteElo "2137"]
[BlackElo "1926"]
[Annotator "RC"]
[PlyCount "50"]
[EventDate "2024.02.18"]
[EventType "swiss"]
[EventCountry "ENG"]
[SourceTitle "playchess.com"]
[Source "ChessBase"]
[SourceQuality "1"]
[TimeControl "5400+30"]

1. d4 Nf6 2. c4 e6 3. Nc3 Bb4 4. f3 O-O 5. e4 d5 6. e5 Nfd7 7. a3 Bxc3+ 8. bxc3 c5 9. Be3 Nc6 10. Bd3 dxc4 11. Bxc4 Ndxe5 12. Ba2 cxd4 13. cxd4 Ng6 14. Ne2 Qa5+ 15. Kf2 Qxa3 16. h4 Nge7 17. g4 Qd6 18. Bb1 Nd5 19. Qd3 f5 20. gxf5 e5 21. f6 Nxf6 22. d5 e4 23. fxe4 Nxe4+ 24. Kg2 Qg6+ 25. Bg5 Qf5 0-1

[Event "2nd Cambridge Open 2024"]
[Site "Cambridge"]
[Date "2024.02.23"]
[Round "7.19"]
[White "McLean, Robert"]
[Black "Martin, Lewis"]
[Result "1/2-1/2"]
[ECO "B12"]
[WhiteElo "1823"]
[BlackElo "2144"]
[Annotator "RC"]
[PlyCount "141"]
[EventDate "2024.02.18"]
[EventType "swiss"]
[EventCountry "ENG"]
[SourceTitle "playchess.com"]
[Source "ChessBase"]
[SourceQuality "1"]
[TimeControl "5400+30"]

1. e4 c6 2. d4 d5 3. e5 Bf5 4. Nf3 e6 5. Be2 c5 6. c3 Nc6 7. O-O cxd4 8. Nxd4 Nge7 9. Nd2 Nxd4 10. cxd4 Nc6 11. Nf3 Be7 12. Be3 O-O 13. a3 a5 14. Qa4 Qb6 15. Qb5 Qxb5 16. Bxb5 Na7 17. Be2 b5 18. Rfc1 Rfc8 19. Nd2 a4 20. g4 Bc2 21. Nb1 b4 22. axb4 Bxb4 23. Na3 Bxa3 24. bxa3 Rab8 25. Ra2 Bb3 26. Raa1 Kf8 27. Rxc8+ Rxc8 28. Rc1 Rxc1+ 29. Bxc1 Bc4 30. Bd1 Bb5 31. Bd2 Nc6 32. Bc3 g5 33. Kg2 f6 34. exf6 Kf7 35. Kg3 Kxf6 36. f4 gxf4+ 37. Kxf4 h6 38. h4 Kg6 39. Bc2+ Kf6 40. h5 Ne7 41. Ba5 Nc6 42. Bc7 Kf7 43. Be5 Nxe5 44. Kxe5 Be2 45. Bxa4 Bxg4 46. Bd7 Ke7 47. Bc8 Bxh5 48. Bxe6 Bd1 49. Bxd5 Kd7 50. Be6+ Kc7 51. Bf5 h5 52. d5 h4 53. Bh3 Bb3 54. d6+ Kc6 55. Bg4 Ba4 56. Ke6 Kc5 57. Ke5 Kb6 58. Bh3 Bc6 59. Kf4 Ba4 60. Ke4 Kc6 61. Ke5 Bb3 62. Bg2+ Kd7 63. Bf1 Ba4 64. Kd5 Bc6+ 65. Kc5 Ba4 66. Bg2 Kc8 67. Kb4 Bd7 68. a4 h3 69. Bf1 h2 70. Bg2 Bxa4 71. Kxa4 1/2-1/2

[Event "2nd Cambridge Open 2024"]
[Site "Cambridge"]
[Date "2024.02.23"]
[Round "7.20"]
[White "Jermy, Jaden"]
[Black "Okhai, Shabir"]
[Result "1-0"]
[ECO "E01"]
[WhiteElo "1968"]
[BlackElo "2114"]
[Annotator "RC"]
[PlyCount "101"]
[EventDate "2024.02.18"]
[EventType "swiss"]
[EventCountry "ENG"]
[SourceTitle "playchess.com"]
[Source "ChessBase"]
[SourceQuality "1"]
[TimeControl "5400+30"]

1. d4 Nf6 2. Nf3 e6 3. c4 c5 4. g3 cxd4 5. Nxd4 d5 6. Bg2 e5 7. Nc2 d4 8. O-O Nc6 9. Bg5 Be7 10. e3 Bg4 11. Qd3 dxe3 12. Qxd8+ Rxd8 13. Nxe3 Be6 14. Nc3 O-O 15. h4 h6 16. Bxf6 Bxf6 17. Ncd5 Be7 18. Nxe7+ Nxe7 19. Rfd1 b6 20. Rac1 Rxd1+ 21. Rxd1 Rc8 22. b3 Kf8 23. a4 Nc6 24. Bxc6 Rxc6 25. Rd8+ Ke7 26. Ra8 Rc7 27. f4 exf4 28. gxf4 g6 29. Kf2 Kd6 30. Kf3 Kc5 31. Ke4 Rd7 32. f5 gxf5+ 33. Nxf5 h5 34. a5 bxa5 35. Rb8 a6 36. Ke5 Rd3 37. Rb7 Rh3 38. Nd6 Kc6 39. Ra7 Re3+ 40. Kd4 Rxb3 41. Rxa6+ Kd7 42. c5 Rb4+ 43. Ke5 a4 44. c6+ Kc7 45. Ne8+ Kb8 46. Kd6 Rd4+ 47. Kc5 Rc4+ 48. Kb5 Rxh4 49. c7+ Kb7 50. Rb6+ Ka7 51. Rxe6 1-0

[Event "2nd Cambridge Open 2024"]
[Site "Cambridge"]
[Date "2024.02.23"]
[Round "7.21"]
[White "Sivanandan, Bodhana"]
[Black "Borsos, Bogdan"]
[Result "1/2-1/2"]
[ECO "B06"]
[WhiteElo "1856"]
[BlackElo "2094"]
[Annotator "RC"]
[PlyCount "150"]
[EventDate "2024.02.18"]
[EventType "swiss"]
[EventCountry "ENG"]
[SourceTitle "playchess.com"]
[Source "ChessBase"]
[SourceQuality "1"]
[TimeControl "5400+30"]

1. e4 g6 2. d4 Bg7 3. Nc3 a6 4. Be3 d6 5. Qd2 Nd7 6. Nf3 b5 7. Bd3 Bb7 8. a3 Rc8 9. Ne2 c5 10. c3 Ngf6 11. Ng3 e5 12. d5 c4 13. Bc2 Nc5 14. Bxc5 Rxc5 15. a4 O-O 16. O-O Qb6 17. Ra2 Rcc8 18. axb5 axb5 19. Rfa1 Ra8 20. Nf1 Rxa2 21. Rxa2 Ng4 22. h3 Bh6 23. Qe2 Nf6 24. Ne3 Bxe3 25. Qxe3 Qxe3 26. fxe3 Ra8 27. Rxa8+ Bxa8 28. Nd2 Bb7 29. b4 Bc8 30. Kf2 Kf8 31. Bd1 Ke7 32. Bc2 Nd7 33. g4 Nb6 34. Nb1 Bd7 35. Kf3 Kf6 36. h4 Kg7 37. Nd2 h6 38. Nb1 Be8 39. Kf2 Kf8 40. Kf3 Ke7 41. Kf2 Nd7 42. Nd2 Nf6 43. Bd1 Bd7 44. Kg3 Bc8 45. Bf3 Nd7 46. Nb1 Nb6 47. Bg2 Bd7 48. Bf3 Be8 49. Bg2 Bd7 50. Bf3 Bc8 51. Bg2 f6 52. Bf3 Bd7 53. Bg2 Kd8 54. Bf3 Be8 55. Bg2 Ke7 56. Bf3 g5 57. h5 Kd8 58. Kf2 Kc7 59. Ke1 Kb7 60. Kd2 Bf7 61. Ke1 Bg8 62. Ke2 Bh7 63. Na3 Ka6 64. Kd2 Na4 65. Kc2 Nb6 66. Kd2 Na8 67. Kc1 Nb6 68. Kd2 Nd7 69. Ke1 Kb6 70. Kd2 Nb8 71. Ke1 Na6 72. Kd2 Nc7 73. Ke1 Bg8 74. Kd2 Bf7 75. Nc2 Ne8 1/2-1/2

[Event "2nd Cambridge Open 2024"]
[Site "Cambridge"]
[Date "2024.02.23"]
[Round "7.22"]
[White "McClement, Andrew"]
[Black "Asgarova, Turan"]
[Result "1-0"]
[ECO "B54"]
[WhiteElo "2223"]
[BlackElo "1988"]
[Annotator "RC"]
[PlyCount "61"]
[EventDate "2024.02.18"]
[EventType "swiss"]
[EventCountry "ENG"]
[SourceTitle "playchess.com"]
[Source "ChessBase"]
[SourceQuality "1"]
[TimeControl "5400+30"]

1. e4 c5 2. Nf3 e6 3. d4 cxd4 4. Nxd4 Nc6 5. Nc3 d6 6. g4 a6 7. Be3 Be7 8. Rg1 Qc7 9. g5 Ne5 10. Qe2 b5 11. f4 Nc4 12. O-O-O Nxe3 13. Qxe3 Bd7 14. a3 Qc5 15. Qg3 b4 16. Nb3 Qb6 17. axb4 Qxb4 18. Rd4 Qb6 19. Na4 Qa7 20. Be2 e5 21. fxe5 dxe5 22. Rxd7 Kxd7 23. Rd1+ Ke8 24. Bc4 Rd8 25. Rf1 Bd6 26. Rxf7 Rd7 27. Rf1 Rc7 28. Qd3 Bb4 29. Bxa6 Rd7 30. Bb5 Ne7 31. Nb6 1-0

[Event "2nd Cambridge Open 2024"]
[Site "Cambridge"]
[Date "2024.02.23"]
[Round "7.23"]
[White "Iyengar, Ilya"]
[Black "Karamsetty, Jeevan"]
[Result "0-1"]
[ECO "E62"]
[WhiteElo "1972"]
[BlackElo "2211"]
[Annotator "RC"]
[PlyCount "66"]
[EventDate "2024.02.18"]
[EventType "swiss"]
[EventCountry "ENG"]
[SourceTitle "playchess.com"]
[Source "ChessBase"]
[SourceQuality "1"]
[TimeControl "5400+30"]

1. d4 d6 2. g3 g6 3. Bg2 Bg7 4. Nf3 Nf6 5. c4 O-O 6. O-O c6 7. Nc3 Bf5 8. Nh4 Be6 9. b3 d5 10. c5 Qc8 11. Re1 Bh3 12. Bh1 Rd8 13. Bb2 Nbd7 14. Qc2 e5 15. dxe5 Nxe5 16. Rad1 Qe6 17. Nf3 Nxf3+ 18. Bxf3 Ng4 19. Na4 d4 20. Qe4 Ne5 21. Bg2 Bxg2 22. Kxg2 f5 23. Qf4 Nf7 24. Qc1 Rd7 25. Kg1 Rad8 26. Qa1 Qe4 27. Rd2 Ng5 28. h4 Nh3+ 29. Kh2 Nxf2 30. Rf1 Ng4+ 31. Kh3 Ne3 32. Rf3 Be5 33. Qg1 Qg4+ 0-1

[Event "2nd Cambridge Open 2024"]
[Site "Cambridge"]
[Date "2024.02.23"]
[Round "7.24"]
[White "Myall, Ivan J"]
[Black "Abhyuday, Santhosh"]
[Result "0-1"]
[ECO "A45"]
[WhiteElo "1951"]
[BlackElo "2058"]
[Annotator "NA RC"]
[PlyCount "60"]
[EventDate "2024.02.18"]
[EventType "swiss"]
[EventCountry "ENG"]
[SourceTitle "playchess.com"]
[Source "ChessBase"]
[SourceQuality "1"]
[TimeControl "5400+30"]

1. d4 Nf6 2. Bf4 g6 3. Nc3 d5 4. h4 Bg7 5. e3 O-O 6. Be2 c5 7. h5 Nc6 8. h6 Bh8 9. Nf3 cxd4 10. exd4 Ne4 11. O-O f6 12. Be3 Nxc3 13. bxc3 Be6 14. Rb1 Qd7 15. Nd2 Rac8 16. c4 dxc4 17. Ne4 b6 18. Nc3 f5 19. Nb5 f4 20. d5 Qxd5 21. Qxd5 Bxd5 22. Bd2 Rcd8 23. Bc3 Ne5 24. Bb4 f3 25. gxf3 Nxf3+ 26. Bxf3 Bxf3 27. Bc3 Rd5 28. Kh2 Rh5+ 29. Kg3 Rg5+ 30. Kh4 Rg4+ 0-1

[Event "2nd Cambridge Open 2024"]
[Site "Cambridge"]
[Date "2024.02.23"]
[Round "7.25"]
[White "Ismail, Mohammed Aayan"]
[Black "Underwood, Jon"]
[Result "0-1"]
[ECO "A88"]
[WhiteElo "2115"]
[BlackElo "1993"]
[Annotator "RC"]
[PlyCount "158"]
[EventDate "2024.02.18"]
[EventType "swiss"]
[EventCountry "ENG"]
[SourceTitle "playchess.com"]
[Source "ChessBase"]
[SourceQuality "1"]
[TimeControl "5400+30"]

1. c4 f5 2. Nf3 Nf6 3. g3 g6 4. Bg2 Bg7 5. O-O d6 6. d4 O-O 7. Nc3 c6 8. d5 e5 9. dxe6 Bxe6 10. Qd3 Na6 11. Ng5 Qe7 12. Nxe6 Qxe6 13. Bf4 Rad8 14. Rad1 Nc5 15. Qc2 Rfe8 16. b3 Nce4 17. Nxe4 Nxe4 18. Be3 a6 19. Bd4 Rd7 20. Bxg7 Kxg7 21. Rd4 Nf6 22. Bf3 Red8 23. Rfd1 Qe5 24. h4 h6 25. Qd2 Ne4 26. Qe3 d5 27. h5 c5 28. Rxd5 Rxd5 29. cxd5 Rxd5 30. Rxd5 Qxd5 31. hxg6 Qd4 32. Qxd4+ cxd4 33. Bg2 Kxg6 34. g4 b6 35. gxf5+ Kxf5 36. Bh3+ Kf4 37. Bc8 a5 38. Ba6 Nc3 39. a4 Ne4 40. Bb7 Nc5 41. Bd5 d3 42. exd3 Nxd3 43. Kf1 h5 44. Ke2 Nc5 45. Bf7 h4 46. Kf1 h3 47. Bd5 Ne4 48. Kg1 h2+ 49. Kg2 h1=Q+ 50. Kxh1 Nxf2+ 51. Kg1 Ke3 52. Kf1 Nd3 53. Bg8 Kd2 54. Bf7 Nc1 55. Kf2 Kc3 56. Ke3 Nxb3 57. Be8 Nc5 58. Bc6 Kb4 59. Kd2 Nxa4 60. Kc2 Nc3 61. Kb2 a4 62. Be8 a3+ 63. Ka1 b5 64. Bd7 Kc5 65. Be8 b4 66. Bf7 Nd5 67. Ka2 Ne3 68. Kb3 Nf5 69. Ka2 Ne3 70. Kb3 Nf1 71. Ka2 Nd2 72. Be6 Kd4 73. Bf7 Kc3 74. Be8 Nc4 75. Ba4 Ne5 76. Bb3 Nd3 77. Bf7 Nc1+ 78. Kb1 b3 79. Ka1 b2+ 0-1

[Event "2nd Cambridge Open 2024"]
[Site "Cambridge"]
[Date "2024.02.23"]
[Round "7.26"]
[White "Waller, Dan"]
[Black "Hagesather, Nina"]
[Result "1-0"]
[ECO "B12"]
[WhiteElo "2126"]
[BlackElo "1973"]
[Annotator "RC"]
[PlyCount "71"]
[EventDate "2024.02.18"]
[EventType "swiss"]
[EventCountry "ENG"]
[SourceTitle "playchess.com"]
[Source "ChessBase"]
[SourceQuality "1"]
[TimeControl "5400+30"]

1. e4 c6 2. d4 d5 3. e5 c5 4. dxc5 e6 5. a3 Bxc5 6. b4 Be7 7. Nf3 a5 8. b5 Nd7 9. c4 dxc4 10. Nbd2 Nb6 11. Bxc4 Nxc4 12. Nxc4 Qxd1+ 13. Kxd1 Bc5 14. Ke2 Ne7 15. Be3 Bxe3 16. Nd6+ Kf8 17. fxe3 Nd5 18. Rac1 Bd7 19. e4 Nf4+ 20. Kd2 Ke7 21. Rc7 Ng6 22. Nxb7 Rhc8 23. Rhc1 Rxc7 24. Rxc7 f6 25. b6 Rb8 26. Kc3 Ke8 27. Kc4 Ne7 28. Kc5 a4 29. exf6 gxf6 30. Nd4 Nc8 31. Nb5 Ra8 32. N5d6+ Nxd6 33. Nxd6+ Ke7 34. Ra7 Rb8 35. b7 Kd8 36. Kb6 1-0

[Event "2nd Cambridge Open 2024"]
[Site "Cambridge"]
[Date "2024.02.23"]
[Round "7.27"]
[White "Southcott-Moyers, Indy"]
[Black "Redman, David J"]
[Result "1-0"]
[ECO "A43"]
[WhiteElo "2123"]
[BlackElo "1971"]
[Annotator "RC"]
[PlyCount "87"]
[EventDate "2024.02.18"]
[EventType "swiss"]
[EventCountry "ENG"]
[SourceTitle "playchess.com"]
[Source "ChessBase"]
[SourceQuality "1"]
[TimeControl "5400+30"]

1. d4 c5 2. d5 Nf6 3. Nc3 d6 4. e4 g6 5. Nf3 Bg7 6. Bb5+ Bd7 7. a4 Na6 8. O-O O-O 9. Nd2 Nc7 10. Be2 Re8 11. Nc4 b5 12. axb5 Nxb5 13. Nxb5 Bxb5 14. Na5 Bxe2 15. Qxe2 e6 16. Qf3 Qb6 17. Nc4 Qb8 18. Bf4 e5 19. Bd2 Nd7 20. b3 f5 21. Qh3 Nb6 22. exf5 Nxc4 23. bxc4 Qc8 24. fxg6 Qxh3 25. gxh3 hxg6 26. Ra6 Bf8 27. Rb1 Reb8 28. Rb5 Rxb5 29. cxb5 Rb8 30. c4 Rb7 31. Rc6 Be7 32. Ba5 Rd7 33. Rc7 Rxc7 34. Bxc7 Kf7 35. Bb8 Ke8 36. Bxa7 Kd7 37. Bb6 Bg5 38. Ba5 Bf4 39. f3 Kc8 40. Kg2 Kb7 41. h4 Be3 42. Kh3 Bg1 43. Be1 Kb6 44. Kg4 1-0

[Event "2nd Cambridge Open 2024"]
[Site "Cambridge"]
[Date "2024.02.23"]
[Round "7.28"]
[White "Brett, Andrew R"]
[Black "Samarakoon, Vivash Ransara"]
[Result "1/2-1/2"]
[ECO "A52"]
[WhiteElo "2072"]
[BlackElo "1839"]
[Annotator "RC"]
[PlyCount "77"]
[EventDate "2024.02.18"]
[EventType "swiss"]
[EventCountry "ENG"]
[SourceTitle "playchess.com"]
[Source "ChessBase"]
[SourceQuality "1"]
[TimeControl "5400+30"]

1. d4 Nf6 2. c4 e5 3. dxe5 Ng4 4. Nf3 Bc5 5. e3 Nc6 6. Nc3 Ngxe5 7. Nxe5 Nxe5 8. f4 Nc6 9. Bd3 d6 10. O-O O-O 11. Kh1 Qh4 12. Nd5 Bg4 13. Qc2 Bb6 14. Bd2 Rfe8 15. b4 Rac8 16. a4 a6 17. a5 Ba7 18. Rac1 Ne7 19. Nxe7+ Rxe7 20. Be4 c6 21. c5 d5 22. Bd3 Rce8 23. Be1 Qh5 24. Bf2 Bb8 25. Rce1 g5 26. Qd2 d4 27. Bg3 Rxe3 28. Rxe3 Rxe3 29. Kg1 gxf4 30. Bxf4 Bxf4 31. Rxf4 Be6 32. Rxd4 Qe5 33. Bf1 Re1 34. Rd8+ Kg7 35. Qd4 Kf6 36. Qh4+ Kg7 37. Qd4 Kf6 38. Qh4+ Kg7 39. Qd4 1/2-1/2

[Event "2nd Cambridge Open 2024"]
[Site "Cambridge"]
[Date "2024.02.23"]
[Round "7.29"]
[White "Nawalaniec, Adam"]
[Black "Bharat Kumar, Balahari"]
[Result "1-0"]
[ECO "B38"]
[WhiteElo "1876"]
[BlackElo "1995"]
[Annotator "RC"]
[PlyCount "93"]
[EventDate "2024.02.18"]
[EventType "swiss"]
[EventCountry "ENG"]
[SourceTitle "playchess.com"]
[Source "ChessBase"]
[SourceQuality "1"]
[TimeControl "5400+30"]

1. e4 c5 2. Nf3 d6 3. c4 Nf6 4. Nc3 Nc6 5. d4 cxd4 6. Nxd4 g6 7. f3 Bg7 8. Be3 O-O 9. Be2 Bd7 10. Qd2 h5 11. h3 Rc8 12. g4 a6 13. Nc2 Na5 14. Na3 Be6 15. Na4 Nxc4 16. Bxc4 Rxc4 17. Nxc4 Bxc4 18. Nb6 Be6 19. Rc1 h4 20. Ke2 d5 21. e5 d4 22. Bxd4 Nd5 23. Nc4 b5 24. Na5 Qd7 25. Nb3 Qd8 26. Rhd1 f6 27. Nc5 Bc8 28. Bf2 e6 29. Bxh4 g5 30. Bg3 fxe5 31. Ne4 Qe7 32. Qxg5 Qf7 33. Rd3 Nf4+ 34. Bxf4 Qxf4 35. Qxf4 exf4 36. Nd6 Bd7 37. Rc7 Be8 38. Nxe8 Rxe8 39. Rcd7 Bxb2 40. Rd8 Kf8 41. Rxe8+ Kxe8 42. Rd6 a5 43. Rxe6+ Kd7 44. Rb6 b4 45. g5 Bc3 46. g6 a4 47. g7 1-0